 Dungeon Crawl Stone Soup version 0.14.1-22-g2730a98 (webtiles) character file.

13353 Konstantin the Conjurer (level 11, -13/74 HPs)
             Began as a Pale Draconian Conjurer on June 6, 2014.
             Was a Priest of Elyvilon.
             Mangled by a wolf spider simulacrum (32 damage)
             ... in an ice cave on June 7, 2014.
             The game lasted 05:31:34 (19890 turns).

Konstantin the Conjurer (Pale Draconian Conjurer)  Turns: 19890, Time: 05:31:34

HP -13/74        AC 16     Str 10      XL: 11   Next: 73%
MP  15/28        EV 15     Int 18      God: Elyvilon [***...]
Gold 111         SH  0     Dex 13      Spells:  9 memorised,  2 levels left

rFire  . . .     SeeInvis .     R - +2 flail (protect)
rCold  . . .     Clarity  .     (armour unavailable)
rNeg   . . .     Conserve .     (no shield)
rPois  +         rCorr    .     (helmet restricted)
rElec  .         rRot     .     J - +1 cloak
SustAb . .       Spirit   .     w - +0 pair of gloves
rMut   .         Warding  .     y - +0 pair of boots
Gourm  +         Stasis   .     f - amulet of the gourmand
MR     .....                    B - ring of poison resistance
                                l - ring of wizardry

@: slowed, very slow, not resistant to hostile enchantments, stealthy
A: breathe steam, unfitting armour, AC +7
a: Breathe Steam, Lesser Healing, Lesser Self-Healing, Divine Protection,
Purification, Greater Healing, Greater Self-Healing, Renounce Religion


You were in an ice cave.
You worshipped Elyvilon.
Elyvilon was most pleased with you.
You were hungry.

You visited 2 branches of the dungeon, and saw 12 of its levels.
You also visited: Ice Cave.

You collected 497 gold pieces.
You spent 372 gold pieces at shops.
You donated 14 gold pieces.

Inventory:

Hand weapons
 R - a +2,+2 flail of protection (weapon)
Missiles
 s - a dart (quivered)
Armour
 w - a +0 pair of gloves (worn)
 y - a +0 pair of boots (worn)
 J - a +1 cloak (worn)
Magical devices
 a - a wand of polymorph (1)
 d - a wand of confusion (1)
 i - a wand of digging (10)
 j - a wand of confusion (11)
 m - a wand of fire (7)
 n - a wand of random effects (0)
 q - a wand of random effects (15)
 z - a wand of fireball (0)
Comestibles
 b - 9 bread rations
 g - a meat ration
 r - 6 beef jerkies
 Z - 11 strawberries
Scrolls
 e - a scroll of identify
 h - a scroll of recharging {unknown}
 k - 6 scrolls of remove curse
 u - 2 scrolls of enchant weapon I
 C - 4 scrolls of teleportation
 P - a scroll of immolation {unknown}
 V - a scroll of enchant weapon II {unknown}
Jewellery
 f - an amulet of the gourmand (around neck)
 l - a ring of wizardry (left hand)
 B - a ring of poison resistance (right hand)
 I - an uncursed ring of teleport control
 Y - an uncursed ring of protection from fire
Potions
 p - 4 potions of curing
 t - 2 potions of magic
 v - a potion of flight
 A - 2 potions of restore abilities
 H - a potion of heal wounds
Books
 c - a book of Conjurations

   Spells                             Type                      Level
   *Magic Dart                        Conjuration                  1
   *Searing Ray                       Conjuration                  2
   *Dazzling Spray                    Conjuration/Hexes            3
   *Fulminant Prism                   Conjuration/Hexes            4
   *Iskenderun's Mystic Blast         Conjuration                  4
   *Iskenderun's Battlesphere         Conjuration/Charms           5
 o - the Catalogue of Fetching Creation
   (You found it on level 7 of the Dungeon)

   Spells                             Type                      Level
   Summon Small Mammal                Summoning                    1
   Abjuration                         Summoning                    3
   Leda's Liquefaction                Hexes/Earth                  4
   Summon Mana Viper                  Hexes/Summoning              5
   Shadow Creatures                   Summoning                    5
 x - a book of Flames

   Spells                             Type                      Level
   *Flame Tongue                      Conjuration/Fire             1
   *Throw Flame                       Conjuration/Fire             2
   *Conjure Flame                     Conjuration/Fire             3
   Inner Flame                        Hexes/Fire                   3
   Sticky Flame                       Conjuration/Fire             4
   Fireball                           Conjuration/Fire             5
 D - a book of Annihilations {highlevel, unknown}

   This book is beyond your current level of understanding.

   Spells                             Type                      Level
   Poison Arrow                       Conjuration/Poison           6
   Chain Lightning                    Conjuration/Air              8
   Lehudib's Crystal Spear            Conjuration/Earth            8
   Glaciate                           Conjuration/Ice              9
   Fire Storm                         Conjuration/Fire             9
Miscellaneous
 E - a sack of spiders {used: 4}


   Skills:
 + Level 6.1 Dodging
 + Level 6.4 Stealth
 * Level 8.8 Spellcasting
 * Level 9.9 Conjurations
 + Level 5.3 Hexes
 - Level 2.7 Charms
 + Level 2.5 Fire Magic
 + Level 6.2 Invocations
 + Level 6.3 Evocations


You had 2 spell levels left.
You knew the following spells:

 Your Spells              Type           Power        Failure   Level  Hunger
a - Magic Dart            Conj           ####         1%          1    None
b - Searing Ray           Conj           #####.       1%          2    None
c - Dazzling Spray        Conj/Hex       #####...     1%          3    #......
d - Iskenderun's Mystic   Conj           #####...     1%          4    ###....
e - Fulminant Prism       Conj/Hex       #####.....   1%          4    ###....
f - Conjure Flame         Conj/Fire      ####....     1%          3    #......
g - Iskenderun's Battles  Conj/Chrm      ####....     9%          5    ####...
h - Flame Tongue          Conj/Fire      ####.        1%          1    None
i - Throw Flame           Conj/Fire      ####..       1%          2    None


Dungeon Overview and Level Annotations

Branches:
Dungeon (11/15)            Temple (1/1) D:6            Lair (0/8) D:9
    Orc: D:9-12

Altars:
Ashenzari
Cheibriados
Dithmenos
Elyvilon
Fedhas
Kikubaaqudgha
Makhleb
Nemelex Xobeh
Okawaru
Sif Muna
Trog
Vehumet
Xom
Yredelemnul
Zin
The Shining One

Shops:
D:4 *:%!   D:6 =   D:7 :   D:9 [

Annotations:
D:9 Erolcha


Message History

Casting: Flame Tongue
Confirm with . or Enter, or press ? or * to list all spells.
Aiming: Flame Tongue
Press: ? - help, Shift-Dir - straight line, f/p - wolf spider simulacrum
Aim: a wolf spider simulacrum The flame tongue hits the wolf spider simulacrum.
The wolf spider simulacrum melts!
Your battlesphere fires!
The barrage of energy hits the wolf spider simulacrum.
The wolf spider simulacrum hits you! The wolf spider simulacrum freezes you!
One of your 5 potions of curing freezes and shatters!
* * * LOW HITPOINT WARNING * * *
You feel yourself slow down.
The wolf spider simulacrum bites you but does no damage.
The wolf spider simulacrum barely misses you.
The wolf spider simulacrum bites you.
* * * LOW HITPOINT WARNING * * *
The wolf spider simulacrum freezes you!
You feel as though you will be slow longer.
You die...

#### ##..##
##
##....##..##
#...z......##
#.∩@z.Z.....#
#...z...##...
##....###
##*.## ####


You could see an elephant simulacrum and 3 wolf spider simulacra.

Vanquished Creatures
  4 lindwurms (D:9)
  A hill giant (D:10)
  A gargoyle (D:11)
  A troll (D:10)
  2 two-headed ogres
  A basilisk (D:9)
  15 yaks
  A hungry ghost (D:9)
  2 hill giant zombies
  A hill giant skeleton (D:8)
  4 hippogriffs
  Edmund (D:7)
  A soldier ant (D:9)
  3 sky beasts
  A black bear (D:9)
  A dwarf (D:9)
  3 centaurs
  An ice beast (D:7)
  7 ogres
  2 porcupines
  4 phantoms
  An orc warrior (D:9)
  Duvessa (D:9)
  2 giant slugs (D:9)
  4 big kobolds
  2 giant frogs
  3 scorpions
  14 killer bees
  A troll zombie (D:9)
  A quasit (D:9)
  A goliath beetle (D:10)
  A hippogriff skeleton (D:9)
  Dowan (D:9)
  3 crimson imps (D:7)
  A giant frog zombie (D:5)
  2 jellies
  2 centaur zombies
  3 hounds (D:6)
  A big fish (D:6)
  A centaur skeleton (D:4)
  6 worker ants
  A giant frog skeleton (D:6)
  5 orc priests
  4 orc wizards
  An iguana (D:7)
  A basilisk skeleton (D:9)
  Jessica (D:3)
  A hound skeleton (D:7)
  A worker ant zombie (D:7)
  6 adders
  11 white imps
  3 giant mites
  4 shadow imps
  3 worms
  An adder zombie (D:6)
  2 orc skeletons
  2 giant eyeballs (D:5)
  2 oozes
  21 orcs
  11 bats
  15 goblins
  10 hobgoblins
  2 quokkas
  A ball python (D:4)
  5 giant cockroaches
  4 giant geckos
  13 giant newts
  4 giant spores
  14 kobolds
  A kobold skeleton (D:4)
  A kobold zombie (D:8)
  3 orc zombies
  A quokka skeleton (D:5)
  8 rats
  A rat zombie (D:7)
  19 ballistomycetes
291 creatures vanquished.

Vanquished Creatures (collateral kills)
  A hill giant (D:10)
  A trapdoor spider (D:10)
  Grum (D:10)
  A hungry ghost (D:10)
  2 wolves (D:10)
  2 orc warriors (D:10)
  A goliath beetle (D:10)
  2 orc priests (D:10)
  An orc wizard (D:10)
  4 orcs (D:10)
16 creatures vanquished.

Vanquished Creatures (others)
  2 spiders (D:10)
  2 fulminant prisms
  An orc (D:9)
  A hobgoblin (D:11)
  3 kobolds
  A quokka (D:9)
  2 bats (D:7)
  4 giant spores
  2 rats (D:7)
  2 plants (D:9)
20 creatures vanquished.

Grand Total: 327 creatures vanquished

Notes
Turn   | Place    | Note
--------------------------------------------------------------
     0 | D:1      | Konstantin, the Draconian Conjurer, began the quest for the Orb.
     0 | D:1      | Reached XP level 1. HP: 14/14 MP: 3/3
   220 | D:1      | Reached XP level 2. HP: 20/20 MP: 3/5
   224 | D:1      | Learned a level 2 spell: Searing Ray
   912 | D:2      | Found an iron altar of Okawaru.
  1060 | D:2      | Reached XP level 3. HP: 24/26 MP: 0/6
  1226 | D:2      | Learned a level 3 spell: Dazzling Spray
  2504 | D:3      | Noticed Jessica
  2529 | D:3      | Killed Jessica
  2529 | D:3      | Reached XP level 4. HP: 22/33 MP: 1/9
  2651 | D:3      | Found a deep blue altar of Sif Muna.
  3050 | D:4      | Noticed a hippogriff
  3080 | D:4      | Found Taotzyoh's Book Shoppe.
  3109 | D:4      | Noticed an ogre
  3381 | D:4      | Reached skill level 1 in Hexes
  3414 | D:4      | Noticed an ogre
  3679 | D:3      | Reached XP level 5. HP: 17/38 MP: 0/11
  4089 | D:4      | Found Vaydad's Food Boutique.
  4585 | D:4      | Found Ginenaj's General Store.
  4594 | D:4      | Bought a scroll of teleportation for 39 gold pieces
  4594 | D:4      | Bought a potion of brilliance for 32 gold pieces
  4594 | D:4      | Bought a scroll of fog for 26 gold pieces
  4594 | D:4      | Bought a potion of curing for 26 gold pieces
  4618 | D:4      | Found Foledyh's Distillery.
  4668 | D:5      | Entered Level 5 of the Dungeon
  4672 | D:5      | Reached skill level 5 in Conjurations
  4738 | D:5      | Reached XP level 6. HP: 39/45 MP: 3/13
  5022 | D:5      | Got an ancient spear
  5023 | D:5      | Identified the +4,+9 spear of Ohekkafa {drain, rF+} (You found it on level 5 of the Dungeon)
  5188 | D:5      | Noticed a sky beast
  5200 | D:5      | Killed a sky beast
  5220 | D:5      | Paralysed by a giant eyeball for 4 turns
  5414 | D:5      | Found a glowing silver altar of Zin.
  5420 | D:5      | Became a worshipper of Zin the Law-Giver
  5420 | D:5      | Acquired Zin's first power
  5565 | D:5      | Your scales start fading to a pale cyan-grey colour.
  5565 | D:5      | Reached XP level 7. HP: 44/50 MP: 4/17
  5904 | D:5      | Learned a level 4 spell: Iskenderun's Mystic Blast
  5909 | D:5      | Learned a level 4 spell: Fulminant Prism
  6022 | D:4      | Killed a hippogriff
  6128 | D:4      | Reached skill level 1 in Evocations
  6242 | D:4      | Killed an ogre
  6416 | D:6      | Found Khuun's Jewellery Boutique.
  6467 | D:6      | Found a staircase to the Ecumenical Temple.
  6477 | D:6      | Reached skill level 6 in Conjurations
  6593 | Temple   | Entered the Ecumenical Temple
  6777 | Temple   | Fell from the grace of Zin
  6777 | Temple   | Became a worshipper of Elyvilon the Healer
  6873 | D:5      | Acquired Elyvilon's first power
  6903 | D:4      | Killed an ogre
  6903 | D:4      | Reached skill level 1 in Invocations
  6995 | D:4      | Bought a potion of magic for 71 gold pieces
  6995 | D:4      | Bought a potion of curing for 26 gold pieces
  7069 | D:6      | Reached skill level 5 in Spellcasting
  7338 | D:6      | Reached XP level 8. HP: 57/57 MP: 6/20
  8687 | D:7      | Found Bivy's Book Emporium.
  8781 | D:7      | Identified the Catalogue of Fetching Creation
  8784 | D:7      | Learned a level 1 spell: Summon Small Mammal
  9091 | D:7      | Reached skill level 7 in Conjurations
  9414 | D:7      | Reached XP level 9. HP: 54/62 MP: 11/22
  9574 | D:7      | Noticed Edmund
  9588 | D:7      | Killed Edmund
  9708 | D:7      | Found a blossoming altar of Fedhas.
 10708 | D:8      | Learned a level 5 spell: Iskenderun's Battlesphere
 11404 | D:8      | Reached skill level 5 in Stealth
 11681 | D:8      | Reached skill level 8 in Conjurations
 12234 | D:8      | Reached XP level 10. HP: 41/69 MP: 0/25
 12691 | D:8      | Reached skill level 1 in Charms
 13247 | D:9      | Reached skill level 5 in Evocations
 13502 | D:9      | Reached skill level 5 in Dodging
 14477 | D:9      | Reached skill level 5 in Invocations
 14829 | D:9      | Upgraded the game from 0.14.1-19-g9964f44 to 0.14.1-21-g36cd379
 14830 | D:9      | Acquired Elyvilon's second power
 15226 | D:9      | Learned a level 1 spell: Flame Tongue
 15229 | D:9      | Learned a level 2 spell: Throw Flame
 15234 | D:9      | Learned a level 3 spell: Conjure Flame
 15260 | D:9      | Found Pairph's Armour Boutique.
 15299 | D:9      | Reached skill level 9 in Conjurations
 15368 | D:9      | Bought a +0 pair of gloves for 76 gold pieces
 15368 | D:9      | Bought a +0 pair of boots for 76 gold pieces
 15397 | D:9      | Reached XP level 11. HP: 64/74 MP: 14/27
 15534 | D:9      | Noticed Duvessa
 15541 | D:9      | Killed Duvessa
 15591 | D:9      | Noticed Dowan
 15599 | D:9      | Killed Dowan
 15747 | D:9      | Found a shattered altar of Ashenzari.
 15748 | D:9      | Found a sparkling altar of Nemelex Xobeh.
 15826 | D:9      | Noticed a lindwurm
 15829 | D:9      | Noticed a lindwurm
 15849 | D:9      | Noticed a lindwurm
 15902 | D:9      | Noticed a lindwurm
 16202 | D:9      | Noticed Erolcha
 16217 | D:9      | Found a staircase to the Lair.
 16295 | D:9      | Killed a lindwurm
 16295 | D:9      | Reached skill level 1 in Fire Magic
 16444 | D:9      | Killed a lindwurm
 16569 | D:9      | Killed a lindwurm
 16569 | D:9      | Reached skill level 5 in Hexes
 16674 | D:9      | Killed a lindwurm
 17152 | D:10     | Entered Level 10 of the Dungeon
 17152 | D:10     | Noticed Grum
 17583 | D:10     | Acquired Elyvilon's third power
 18090 | D:10     | Killed Grum
 18184 | D:10     | Upgraded the game from 0.14.1-21-g36cd379 to 0.14.1-22-g2730a98
 18543 | D:10     | Noticed a hill giant
 19073 | D:10     | Killed a hill giant
 19219 | D:10     | Noticed a hill giant
 19227 | D:10     | Killed a hill giant
 19710 | D:11     | Found a frozen archway.
 19885 | IceCv    | Entered an ice cave
 19890 | IceCv    | Mangled by a wolf spider simulacrum

Action                   |  1- 3 |  4- 6 |  7- 9 | 10-12 || total
-------------------------+-------+-------+-------+-------++-------
Melee: Short sword       |     3 |     1 |       |       ||     4
       Spear             |       |     1 |       |       ||     1
       Flail             |       |       |     2 |     2 ||     4
 Cast: Magic Dart        |    84 |    58 |   124 |    30 ||   296
       Searing Ray       |     2 |    25 |    57 |    62 ||   146
       Iskenderun's Myst |       |       |     1 |     3 ||     4
       Summon Small Mamm |       |       |     4 |       ||     4
       Dazzling Spray    |       |       |    14 |    38 ||    52
       Iskenderun's Batt |       |       |     6 |    38 ||    44
       Throw Flame       |       |       |       |    72 ||    72
       Flame Tongue      |       |       |       |    31 ||    31
       Fulminant Prism   |       |       |       |     2 ||     2
Invok: Recite            |       |     2 |       |       ||     2
       Lesser Healing    |       |       |   145 |   260 ||   405
       Lesser Self-Heali |       |       |     1 |     1 ||     2
       Greater Healing   |       |       |       |     5 ||     5
 Abil: Breathe Steam     |       |       |    14 |     9 ||    23
Evoke: Wand              |       |     5 |     4 |    19 ||    28
       Sack of spiders   |       |       |       |     4 ||     4
  Use: Scroll            |     2 |     5 |    11 |     8 ||    26
       Potion            |     2 |     2 |     3 |     2 ||     9
